Get step-by-step instructions on how to execute this build order below. Start the game timer, and the build order will tick by so you can play in parallel with StarCraft on a second screen or mobile device.

Game Time

  0:00

Last Step

  N/A

Next Step

  12  0:00  SCV  

Upcoming Step

  13  0:12  SCV  

Don't want to look back and forth between 2 screens? Try out our Overwolf App, the Spawning Tool Build Advisor to get an in-game overlay with this build!

Complete Build Order

  12  0:00  SCV  
  13  0:12  SCV  
  14  0:20  Supply Depot  
  14  0:25  SCV  
  15  0:30  Refinery  
  15  0:41  SCV  
  16  0:54  SCV  
  17  0:59  Barracks  
  17  1:06  SCV  
  18  1:18  SCV  
  19  1:30  SCV  
  20  1:45  Command Center  
  20  1:48  Reaper  
  20  1:50  Orbital Command  
  21  2:02  Factory  
  21  2:08  Supply Depot  
  22  2:15  SCV  
  22  2:24  Barracks Reactor  
  22  2:34  SCV  
  23  2:46  SCV  
  23  2:47  Command Center  
  24  2:58  SCV  
  24  3:01  Orbital Command  
  25  3:11  SCV  
  26  3:17  Hellion x2  
  30  3:23  SCV  
  30  3:38  Barracks  
  32  3:46  Factory